 Dungeon Crawl Stone Soup version 0.23-a0-261-g133332c (console) character file.

10199 nht the Basher (level 11, 0/72 HPs)
             Began as an Octopode Berserker on Sept 29, 2018.
             Was a High Priest of Trog.
             Splashed by an orc wizard's acid (11 damage)
             ... on level 11 of the Dungeon.
             The game lasted 00:14:01 (9122 turns).

nht the Basher (Octopode Berserker)                 Turns: 9122, Time: 00:14:02

Health: 0/72       AC:  3    Str: 17    XL:     11   Next: 58%
Magic:  11/11      EV: 16    Int: 11    God:    Trog [*****.]
Gold:   748        SH:  0    Dex: 15    Spells: 10/10 levels left

rFire    + + .     SeeInvis .   b - +10 morningstar {elec, Halo rElec}
rCold    . . .     Gourm    .   (no shield)
rNeg     . . .     Faith    .   m - +2 hat
rPois    .         Spirit   .   (no amulet)
rElec    +         Reflect  .   r - ring of the Fifty Souls {Int+2 Stlth+}
rCorr    .         Harm     .   d - ring of flight
MR       .....     Clarity  +   v - ring of protection from fire
Stlth    ++........             (no ring)
HPRegen  0.22/turn              (no ring)
MPRegen  0.12/turn              (no ring)
                                (no ring)
                                (no ring)

@: slowed, glowing, very slow
A: almost no armour, stealthy swim, amphibious, 8 rings, constrict 8, camouflage
1, blurry vision 1, clarity, fire resistance 1, gelatinous body 1, subdued magic
1
a: Berserk, Trog's Hand, Brothers in Arms, Renounce Religion, Evoke Flight


You were on level 11 of the Dungeon.
You worshipped Trog.
Trog was extremely pleased with you.
You were not hungry.

You visited 1 branch of the dungeon, and saw 11 of its levels.

You collected 748 gold pieces.

Inventory:

Hand Weapons
 a - a +0 short sword of flaming
 b - the +10 morningstar "Eos" (weapon) {elec, Halo rElec}
   (You found it on level 5 of the Dungeon)

   Occasionally, upon striking a foe, it will discharge some electrical energy
   and cause terrible harm.
   It insulates you from electricity.
 j - a +1 blowgun
Missiles
 e - 16 tomahawks (quivered)
 o - 46 poisoned needles
Armour
 m - a +2 hat (worn)
 u - a cursed +0 large shield
Jewellery
 d - a ring of flight (right tentacle)
 r - the ring of the Fifty Souls (left tentacle) {Int+2 Stlth+}
   (You found it on level 4 of the Dungeon)

   [ring of stealth]

   It affects your intelligence (+2).
   It makes you more stealthy.
 v - a ring of protection from fire (on tentacle)
Wands
 k - a wand of polymorph (26)
 w - a wand of iceblast (11)
 D - a wand of acid (12)
 G - a wand of enslavement (28)
Scrolls
 c - 4 scrolls of teleportation
 s - 3 scrolls of identify
 t - 7 scrolls of remove curse
 z - a scroll of blinking
 A - 2 scrolls of magic mapping
 C - 3 scrolls of fog
 E - 2 scrolls of fear
 F - a scroll of enchant armour
Potions
 f - 2 potions of cancellation
 h - a potion of resistance
 i - 2 potions of magic
 l - a potion of mutation
 n - 2 potions of brilliance
 p - 4 potions of agility
 q - a potion of flight
 x - 3 potions of curing
 B - a potion of invisibility
 I - a potion of ambrosia
Comestibles
 g - 19 rations
 H - 7 chunks of flesh


   Skills:
 - Level 5.6 Fighting
 - Level 7.4 Short Blades
 * Level 14.2 Maces & Flails
 - Level 5.5 Dodging
 - Level 2.4 Stealth
 - Level 1.6 Shields


You had 10 spell levels left.
You didn't know any spells.
Your spell library was empty.

Dungeon Overview and Level Annotations

Branches:
Dungeon (11/15)            Temple (0/1) D:5            Lair (0/6) D:8
    Orc (0/2) D:11

Altars:
Cheibriados
Elyvilon
Fedhas
Hepliaklqana
Makhleb
Nemelex Xobeh
Ru
Sif Muna
Beogh

Shops:
D:9 *


Innate Abilities, Weirdness & Mutations

You cannot wear most types of armour.
You are very stealthy in the water. (Stealth+)
You are amphibious.
You can wear up to eight rings at the same time.
You can use your tentacles to constrict eight enemies at once.
Your skin changes colour to match your surroundings (Stealth+).
Your rubbery body absorbs attacks. (AC +1, EV +1)
Scrolls take you a little longer to read.
You possess an exceptional clarity of mind.
Your flesh is heat resistant. (rF+)
Your spells are a little easier to cast, but a little less powerful.


Message History

The orc wizard is almost dead.
You constrict the orc wizard.
You kill the orc wizard!
Trog accepts your kill.
Trog appreciates your killing of a magic user.
The orc wizard zaps a wand.
The bolt of acid misses you. The bolt of acid hits your yak.
Your yak is splashed with acid.
You sock the bullfrog skeleton!
Lightning courses through the bullfrog skeleton!
You destroy the bullfrog skeleton!
Trog accepts your kill.
The orc wizard gestures wildly while chanting.
The orc wizard seems to speed up.
The orc wizard closely misses you.
You puncture the orc wizard! Your grab misses the orc wizard.
The orc wizard is moderately wounded.
The orc wizard zaps a wand.
The bolt of acid hits you!
* * * LOW HITPOINT WARNING * * *
You are splashed with acid!
The acid burns!
You die...

████.█ █.█
.....█ █.█
████.█
█████.███
█.█
█.......█
█.█
█.█████.██
█.█ █..█
█.█
█.█████..█
█.█
█.█%.:█o.█
█.█
█.█..(█@Y█
█.█
..██'██Y.█
......)†.█
.██.████.█
. █..


████ . You could see an orc wizard and 2 friendly yaks.

Vanquished Creatures
  An ugly thing (D:11)
  Maurice (D:11)
  Psyche (D:11)
  Joseph (D:7)
  A gargoyle (D:11)
  2 kobold demonologists (D:11)
  2 centaur skeletons (D:10)
  Grinder (D:5)
  3 hippogriffs
  4 yaks
  A wraith (D:11)
  4 hogs (D:7)
  A steam dragon (D:11)
  A human (D:7)
  2 water moccasins
  8 orc warriors
  A black bear (D:8)
  2 ice beasts (D:11)
  6 sky beasts
  6 ogres
  2 crocodiles (D:8)
  2 big kobolds
  8 bullfrogs
  6 scorpions
  5 wights (D:11)
  3 howler monkeys
  5 jellies
  A centaur zombie (D:6)
  5 crimson imps
  4 bullfrog skeletons
  6 orc priests
  2 hounds
  Crazy Yiuf (D:5)
  4 iguanas
  12 orc wizards
  7 worker ants
  A killer bee zombie (D:6)
  A hound skeleton (D:4)
  2 worker ant zombies
  3 gnolls (D:5)
  14 adders
  5 shadow imps
  9 oozes
  2 adder zombies
  An adder skeleton (D:4)
  3 dart slugs
  6 leopard geckos
  24 orcs
  5 giant cockroaches
  12 goblins
  3 hobgoblins
  10 jackals
  26 kobolds
  3 quokkas
  3 ball pythons
  8 bats
  8 frilled lizards
  A leopard gecko skeleton (D:4)
  11 rats
283 creatures vanquished.

Vanquished Creatures (others)
  A yak (D:11)
  4 toadstools (D:3)
5 creatures vanquished.

Grand Total: 288 creatures vanquished

Notes
Turn   | Place    | Note
-------+----------+-------------------------------------------
     0 | D:1      | nht the Octopode Berserker began the quest for the Orb.
     0 | D:1      | Reached XP level 1. HP: 16/16 MP: 1/1
    77 | D:1      | Reached XP level 2. HP: 7/21 MP: 2/2
   395 | D:1      | Reached XP level 3. HP: 19/26 MP: 3/3
   399 | D:1      | Reached ** piety under Trog
   949 | D:2      | Found a white marble altar of Elyvilon.
   951 | D:2      | Found a snail-covered altar of Cheibriados.
   952 | D:2      | Found a deep blue altar of Sif Muna.
   952 | D:2      | Found a blossoming altar of Fedhas.
  1251 | D:2      | Reached XP level 4. HP: 28/31 MP: 4/4
  1656 | D:3      | Reached XP level 5. HP: 23/37 MP: 5/5
  1872 | D:3      | Reached *** piety under Trog
  2021 | D:3      | Reached skill level 5 in Short Blades
  2021 | D:3      | Reached XP level 6. HP: 42/43 MP: 6/6
  2320 | D:4      | Noticed a hippogriff
  2327 | D:4      | Killed a hippogriff
  2327 | D:4      | Reached XP level 7. HP: 42/49 MP: 7/7
  2329 | D:4      | Got a heavily runed iron ring
  2337 | D:4      | Identified the ring of the Fifty Souls {Int+2 Stlth+} (You
                  | found it on level 4 of the Dungeon)
  2711 | D:4      | Found a sacrificial altar of Ru.
  2826 | D:4      | Reached **** piety under Trog
  2893 | D:4      | Reached skill level 5 in Fighting
  2893 | D:4      | Reached skill level 5 in Dodging
  3689 | D:5      | Entered Level 5 of the Dungeon
  3730 | D:5      | Reached XP level 8. HP: 55/55 MP: 8/8
  3778 | D:5      | Found a sparkling altar of Nemelex Xobeh.
  3878 | D:5      | Noticed Grinder
  3896 | D:5      | Paralysed by Grinder for 7 turns
  3905 | D:5      | Killed Grinder
  3905 | D:5      | Reached skill level 1 in Stealth
  3905 | D:5      | Reached skill level 1 in Shields
  3959 | D:5      | Found a staircase to the Ecumenical Temple.
  3975 | D:5      | Gained mutation: Your spells are a little easier to cast,
                  | but a little less powerful. [potion of mutation]
  3975 | D:5      | Gained mutation: Scrolls take you a little longer to read.
                  | [potion of mutation]
  3975 | D:5      | Gained mutation: You possess an exceptional clarity of
                  | mind. [potion of mutation]
  3975 | D:5      | Gained mutation: Your flesh is heat resistant. (rF+)
                  | [potion of mutation]
  3977 | D:5      | HP: 1/56 [adder (5)]
  4376 | D:5      | Found the +10 morningstar "Eos" {elec, Halo rElec}
  4388 | D:5      | Found a runed door.
  4580 | D:5      | Noticed Crazy Yiuf
  4586 | D:5      | Killed Crazy Yiuf
  4653 | D:6      | Reached skill level 1 in Maces & Flails
  4738 | D:6      | Reached skill level 2 in Maces & Flails
  4790 | D:6      | Reached skill level 3 in Maces & Flails
  4802 | D:6      | Reached skill level 4 in Maces & Flails
  4945 | D:6      | Got a faintly glowing hand axe
  5117 | D:6      | Reached skill level 5 in Maces & Flails
  5117 | D:6      | Reached XP level 9. HP: 61/61 MP: 9/9
  5470 | D:7      | Reached ***** piety under Trog
  5579 | D:7      | Reached skill level 6 in Maces & Flails
  5709 | D:7      | Found a burning altar of Makhleb.
  5835 | D:7      | Noticed Joseph
  5845 | D:7      | Killed Joseph
  5845 | D:7      | Reached skill level 7 in Maces & Flails
  6317 | D:7      | Reached skill level 8 in Maces & Flails
  6323 | D:7      | Reached skill level 9 in Maces & Flails
  6380 | D:8      | Found a staircase to the Lair.
  6389 | D:8      | Reached XP level 10. HP: 67/67 MP: 10/10
  6395 | D:8      | Reached skill level 10 in Maces & Flails
  6513 | D:8      | Identified the +7 hand axe "Becoroxt" {antimagic, Str+2}
                  | (You found it on level 6 of the Dungeon)
  6883 | D:9      | Reached skill level 11 in Maces & Flails
  6920 | D:9      | Received a gift from Trog
  7181 | D:9      | Found Xiw Axergh's Serpentskin Sales.
  7370 | D:9      | Found a hazy altar of Hepliaklqana.
  7413 | D:10     | Entered Level 10 of the Dungeon
  7467 | D:10     | Reached skill level 12 in Maces & Flails
  7733 | D:10     | Reached XP level 11. HP: 70/72 MP: 11/11
  8286 | D:11     | Noticed a green ugly thing
  8300 | D:11     | Killed a green ugly thing
  8300 | D:11     | Reached skill level 13 in Maces & Flails
  8569 | D:11     | Noticed Psyche
  8575 | D:11     | Killed Psyche
  8867 | D:11     | Found a staircase to the Orcish Mines.
  8870 | D:11     | Found a roughly hewn altar of Beogh.
  8915 | D:11     | Noticed Maurice
  8920 | D:11     | Killed Maurice
  8957 | D:11     | Reached skill level 14 in Maces & Flails
  9122 | D:11     | Splashed by an orc wizard's acid

Vault maps used:
D:1:      dpeg_arrival_subterranean_lakeside_camping
D:2:      grunt_temple_overflow_open, serial_glass, glass_columns_a,
          glass_columns_a, glass_columns_a, glass_columns_a, glass_columns_b,
          glass_columns_a, minmay_heptomino_w4
D:3:      cheibrodos_fertilizer, first_ration
D:4:      nicolae_ru_the_path_less_chosen
D:5:      minmay_temple_entry_hall, nemelex_altar_shiori, uniq_grinder,
          uniq_crazy_yiuf_cottage
D:6:      st_stairs_6
D:7:      basic_altar, grunt_livestock, uniq_joseph
D:8:      david_lair_generic
D:9:      kennysheep_little_box, guppyfry_shop_venom
D:10:     lemuel_ice_spiral_2, nicolae_two_hexagons
D:11:     minmay_orc_entry_temple_small, nrook_guardian_serpent_double,
          uniq_grum, uniq_psyche, uniq_maurice

Skill      XL: |  1  2  3  4  5  6  7  8  9 10 11 |
---------------+----------------------------------+-----
Short Blades   | 4 5 6 7 |  7.4
Fighting       | 4 5 |  5.6
Dodging        | 4 5 |  5.5
Stealth        | 2 |  2.4
Shields        | 1 |  1.6
Maces & Flails | 5 9 12 14 | 14.2

Action                   |  1- 3 |  4- 6 |  7- 9 | 10-12 || total
-------------------------+-------+-------+-------+-------++-------
Melee: Short sword       |    68 |   135 |    93 |       ||   296
       Constrict         |    17 |    29 |    33 |    34 ||   113
       Tentacles         |    10 |    29 |    36 |    36 ||   111
       Morningstar       |       |       |    79 |   199 ||   278
Throw: Tomahawk          |       |       |     8 |       ||     8
Invok: Berserk           |     3 |     4 |     7 |       ||    14
       Trog's Hand       |       |       |     1 |       ||     1
Evoke: Wand              |       |       |       |    25 ||    25
  Use: Scroll            |       |     7 |     7 |     8 ||    22
       Potion            |       |       |     7 |       ||     7
 Stab: Sleeping          |    13 |     3 |     6 |     1 ||    23
       Paralysed         |       |       |       |     4 ||     4
  Eat: Chunk             |     4 |     6 |    10 |     7 ||    27
       Ration            |       |       |     3 |     1 ||     4
Armor: Skin              |     3 |    13 |    50 |     9 ||    75
Dodge: Dodged            |    26 |    79 |    98 |   113 ||   316

Table legend:
 A = Non-vault XP
 B = Vault XP
 C = Vault XP percentage of total XP
 D = Non-vault monster count
 E = Vault monster count
 F = Vault count percentage of total count
                 A         B        C        D         E       F
            +---------+---------+-------+---------+---------+-------
      Total |   10399 |    4171 |  28.6 |     227 |      56 |  19.8
            +---------+---------+-------+---------+---------+-------
        D:1 |      49 |       9 |  15.5 |      27 |       6 |  18.2
        D:2 |      29 |      23 |  44.2 |      13 |       6 |  31.6
        D:3 |     147 |     152 |  50.8 |      24 |      18 |  42.9
        D:4 |     785 |       0 |   0.0 |      22 |       0 |   0.0
        D:5 |     260 |     320 |  55.2 |      11 |       2 |  15.4
        D:6 |     857 |      36 |   4.0 |      27 |       1 |   3.6
        D:7 |     399 |    1391 |  77.7 |      10 |       6 |  37.5
        D:8 |    1155 |     683 |  37.2 |      18 |       4 |  18.2
        D:9 |    1273 |     149 |  10.5 |      23 |       3 |  11.5
       D:10 |    1913 |       0 |   0.0 |      20 |       0 |   0.0
       D:11 |    3532 |    1408 |  28.5 |      32 |      10 |  23.8
            +---------+---------+-------+---------+---------+-------
